 Dungeon Crawl Stone Soup version 0.18.1-50-g88ac8fd (webtiles) character file.

26187 kmshiort the Peltast (level 12, -24/107 HPs)
             Began as a Minotaur Fighter on Mar 28, 2017.
             Was an Elder of Qazlal.
             Annihilated by a large abomination (28 damage)
             ... on level 2 of the Abyss on Apr 4, 2017.
             The game lasted 01:47:35 (16142 turns).

kmshiort the Peltast (Minotaur Fighter)            Turns: 16142, Time: 01:47:56

Health: -24/107    AC: 21    Str: 33    XL:     12   Next: 96%
Magic:  11/11      EV: 10    Int: 12    God:    Qazlal [****..]
Gold:   535        SH: 24    Dex: 13    Spells: 0 memorised, 11 levels left

rFire  . . .     SeeInvis .     y - +4 spear (venom)
rCold  + . .     Gourm    .     X - +3 plate armour {rC+}
rNeg   . . .     Faith    .     c - +0 shield
rPois  +         Spirit   .     (helmet restricted)
rElec  .         Dismiss  .     I - -1 cloak of Molad {Int+4}
rCorr  .         Reflect  +     (no gloves)
SustAt .         Harm     .     d - +1 pair of boots of Pirghooc {MR- Str+6}
MR     .....                    H - +3 amulet of reflection
Stlth  ..........               l - ring of poison resistance
                                B - +2 ring of intelligence

@: mighty, about to teleport, non-regenerating, diseased, repel missiles,
drained, not resistant to hostile enchantments, extremely unstealthy
A: retaliatory headbutt, horns 2
a: Upheaval, Elemental Force, Renounce Religion


You were on level 2 of the Abyss.
You worshipped Qazlal.
Qazlal was greatly pleased with you.
You were not hungry.

You visited 3 branches of the dungeon, and saw 14 of its levels.
You visited the Abyss 1 time.

You collected 913 gold pieces.
You spent 378 gold pieces at shops.

Inventory:

Hand Weapons
 a - a +0 war axe
 b - a cursed +3 spear of freezing
 f - a +1 war axe of flaming
 i - a +2 vampiric scimitar
 t - a +0 long sword
 y - a +4 spear of venom (weapon)
Missiles
 j - 3 javelins of penetration
 R - 7 poisoned tomahawks (quivered)
Armour
 c - a +0 shield (worn)
 d - the +1 pair of boots of Pirghooc (worn) {MR- Str+6}
   (You found it on level 2 of the Lair of Beasts)

   It affects your strength (+6).
   It affects your resistance to hostile enchantments.
 o - a +1 pair of boots
 I - the -1 cloak of Molad (worn) {Int+4}
   (You found it on level 3 of the Lair of Beasts)

   It affects your intelligence (+4).
 X - a +3 plate armour of cold resistance (worn)
 Y - a +3 ring mail of magic resistance
Magical Staves
 W - an uncursed staff of conjuration
Jewellery
 l - a ring of poison resistance (right hand)
 q - an uncursed ring of see invisible
 B - a +2 ring of intelligence (left hand)
 H - a +3 amulet of reflection (around neck)
 P - an uncursed amulet of faith
Wands
 p - a wand of polymorph (1/24)
 G - a wand of flame (15/48)
 L - a wand of flame (6/48)
 M - a wand of flame (17/48)
Scrolls
 m - 2 scrolls of identify
 n - 7 scrolls of remove curse
 r - 4 scrolls of teleportation
 s - a scroll of recharging
 D - a scroll of holy word
 J - a scroll of brand weapon
Potions
 k - a potion of haste
 w - 4 potions of flight
 x - 4 potions of curing
 A - 2 potions of ambrosia
 E - 2 potions of resistance
 F - a potion of cure mutation
 N - 2 potions of berserk rage
Books
 K - a book of Clouds

   Spells                             Type                      Level
   a - Mephitic Cloud                 Conjuration/Poison/Air       3
   b - Conjure Flame                  Conjuration/Fire             3
   c - Poisonous Cloud                Conjuration/Poison/Air       6
   d - Freezing Cloud                 Conjuration/Ice/Air          6
   e - Ring of Flames                 Charms/Fire                  7
 Q - a Young Poisoner's Handbook

   Spells                             Type                      Level
   a - Sting                          Conjuration/Poison           1
   b - Cure Poison                    Poison                       2
   c - Mephitic Cloud                 Conjuration/Poison/Air       3
   d - Olgreb's Toxic Radiance        Poison                       4
   e - Venom Bolt                     Conjuration/Poison           5
 S - a book of Burglary

   Spells                             Type                      Level
   a - Swiftness                      Charms/Air                   2
   b - Passwall                       Transmutation/Earth          2
   c - Passage of Golubria            Translocation                4
   d - Lee's Rapid Deconstruction     Earth                        5
   e - Darkness                       Hexes                        6
   f - Invisibility                   Hexes                        6
Miscellaneous
 O - a box of beasts
 U - a phial of floods (inert)
Comestibles
 u - 16 fruits
 v - a royal jelly
 z - a beef jerky
 Z - 2 meat rations


   Skills:
 + Level 10.3(9.9) Fighting
 + Level 6.4(8.1) Axes
 + Level 8.4(9.1) Polearms
 + Level 12.1(11.7) Armour
 + Level 5.0(4.7) Dodging
 + Level 1.3(1.0) Stealth
 + Level 16.9(16.5) Shields
 + Level 1.0(0.7) Invocations
 + Level 1.0(0.7) Evocations


You had 11 spell levels left.
You didn't know any spells.

Dungeon Overview and Level Annotations

Branches:
Dungeon (10/15)            Temple (0/1) D:5            Lair (3/8) D:10
 Spider (1/4) Lair:3          Orc (0/2) D:10
  Swamp: Lair:3-6    Shoals: Lair:3-6

Altars:
Ashenzari
Cheibriados
Elyvilon
Fedhas
Gozag
Nemelex Xobeh
Qazlal
Trog
Yredelemnul
The Shining One
Beogh

Shops:
D:10 *

Annotations:
Spider:1 Louise


Innate Abilities, Weirdness & Mutations

You reflexively headbutt those who attack you in melee.
You have a pair of horns on your head.


Message History

The soul eater hits you!
You feel drained. You block the starcursed mass's attack.
Drink which item? (? for menu, Esc to quit)
You feel very mighty all of a sudden.
A cacophony of accursed wailing tears at your sanity!
* * * LOW HITPOINT WARNING * * *
The soul eater draws from the surrounding life force!
* * * LOW HITPOINT WARNING * * *
You block the large abomination's attack.
The starcursed mass barely misses you. You furiously retaliate!
You headbutt the starcursed mass!
The starcursed mass shudders and is absorbed by its neighbour.
Read which item? (? for menu, Esc to quit)
As you read the scroll of summoning, it crumbles to dust.
Wisps of shadow whirl around you...
The starcursed mass engulfs your ynoxinul.
A deafening chorus of shrieks assaults your mind!
* * * LOW HITPOINT WARNING * * *
The large abomination hits you!!
You die...

# . . . ## . #..
#. ...# #.. #
Z...# ....# #
#...# #......##
##X...##
#....x3##ZX....#
...)....@XXXX=# #
#
......##3#XX#...#
.##$###### ...##.
. #. ###X.# . ..#
.. .# . .. ).. (


You could see 7 starcursed masses, a soul eater, a large abomination, an ice
dragon skeleton, a friendly ynoxinul and a friendly small abomination.

Vanquished Creatures
  Erolcha (D:8)
  3 hydras (Lair:3)
  Urug (Lair:1)
  2 wizards (D:10)
  A hill giant (D:10)
  An orb spider (Lair:3)
  2 wolf spiders (Spider:1)
  4 elephants (Lair:3)
  5 spiny frogs
  2 komodo dragons (Lair:3)
  An ancient zyme (Abyss:2)
  2 jumping spiders (Spider:1)
  A queen bee (Lair:2)
  A troll (D:10)
  12 blink frogs
  Prince Ribbit (D:5)
  3 giant leeches (Lair:3)
  A tarantella (Spider:1)
  2 ynoxinuls (Abyss:2)
  2 wyverns
  8 yaks (Lair:3)
  A basilisk (Lair:1)
  A chaos spawn (Abyss:2)
  Grum (D:8)
  2 wargs
  3 hippogriffs
  A swamp worm (Lair:3)
  5 water moccasins
  2 porcupines
  A swamp drake (Lair:1)
  2 phantoms (D:10)
  3 ice beasts
  A sky beast (D:6)
  A black bear (D:8)
  A wasp (D:10)
  4 boggarts (D:10)
  8 ogres
  2 orc warriors
  2 necrophages
  20 wolves
  4 centaurs
  6 crocodiles
  4 big kobolds
  11 giant frogs
  A gnoll sergeant (D:6)
  4 scorpions
  4 killer bees
  18 wights
  An electric eel (Lair:1)
  2 crimson imps
  2 centaur zombies
  5 hounds
  3 centaur skeletons
  2 giant frog skeletons
  3 jellies
  14 orc wizards
  8 orc priests
  12 iguanas
  7 worker ants
  2 hound zombies
  A hound skeleton (D:6)
  A worker ant zombie (D:9)
  13 gnolls
  13 adders
  8 river rats (Lair:2)
  2 shadow imps
  3 adder skeletons
  An adder zombie (D:5)
  3 worms
  A dart slug (D:1)
  11 giant geckos
  35 orcs
  3 ball pythons
  7 bats
  6 giant cockroaches
  5 hobgoblins
  10 jackals
  17 kobolds
  3 quokkas
  2 giant gecko skeletons (D:4)
  7 giant newts
  14 goblins
  A jackal skeleton (D:6)
  A quokka skeleton (D:5)
  A quokka zombie (D:5)
  9 rats
  8 fungi
  7 plants
423 creatures vanquished.

Vanquished Creatures (collateral kills)
  A blink frog (Lair:2)
  A water moccasin (Lair:2)
  A porcupine (Lair:2)
3 creatures vanquished.

Vanquished Creatures (others)
  2 fungi
  8 plants
10 creatures vanquished.

Grand Total: 436 creatures vanquished

Notes
Turn   | Place    | Note
--------------------------------------------------------------
     0 | D:1      | kmshiort the Minotaur Fighter began the quest for the Orb.
     0 | D:1      | Reached XP level 1. HP: 19/19 MP: 0/0
   113 | D:1      | Reached skill level 4 in Shields
   113 | D:1      | Reached XP level 2. HP: 27/27 MP: 1/1
   328 | D:1      | Reached XP level 3. HP: 33/33 MP: 2/2
   548 | D:2      | Found a faded altar to an unknown god.
   577 | D:2      | Became a worshipper of Qazlal Stormbringer
   577 | D:2      | Reached * piety under Qazlal
   579 | D:2      | Found a snail-covered altar of Cheibriados.
   723 | D:2      | Reached skill level 1 in Dodging
  1029 | D:2      | Reached XP level 4. HP: 40/40 MP: 3/3
  1578 | D:3      | Reached ** piety under Qazlal
  1751 | D:3      | Reached XP level 5. HP: 35/46 MP: 4/4
  1957 | D:3      | Reached skill level 5 in Shields
  2371 | D:4      | Found a blossoming altar of Fedhas.
  2377 | D:4      | Found a white marble altar of Elyvilon.
  2411 | D:4      | Reached XP level 6. HP: 49/55 MP: 5/5
  2421 | D:4      | Reached skill level 5 in Fighting
  2983 | D:4      | You fall through a shaft!
  2983 | D:5      | Entered Level 5 of the Dungeon
  3196 | D:4      | Reached skill level 5 in Armour
  3196 | D:4      | Reached skill level 6 in Shields
  3238 | D:4      | Reached XP level 7. HP: 36/62 MP: 6/6
  3444 | D:4      | Reached *** piety under Qazlal
  3754 | D:4      | Reached skill level 5 in Axes
  4061 | D:5      | Reached skill level 7 in Shields
  4095 | D:5      | Reached XP level 8. HP: 61/71 MP: 7/7
  4446 | D:5      | Found a basalt altar of Yredelemnul.
  4510 | D:5      | Found a shattered altar of Ashenzari.
  4592 | D:5      | Found a glowing golden altar of the Shining One.
  4593 | D:5      | Noticed Prince Ribbit
  5282 | D:5      | Killed Prince Ribbit
  5282 | D:5      | Reached skill level 8 in Shields
  5307 | D:5      | Found a staircase to the Ecumenical Temple.
  5860 | D:6      | Found a sparkling altar of Nemelex Xobeh.
  6289 | D:6      | Paralysed by fainting for 11 turns
  6309 | D:6      | Paralysed by fainting for 6 turns
  6392 | D:6      | Paralysed by fainting for 9 turns
  6554 | D:6      | Paralysed by fainting for 11 turns
  6590 | D:6      | Paralysed by fainting for 12 turns
  6627 | D:6      | Paralysed by fainting for 11 turns
  7087 | D:7      | Reached XP level 9. HP: 80/80 MP: 8/8
  7124 | D:7      | Reached skill level 9 in Shields
  7520 | D:7      | Reached skill level 1 in Polearms
  7812 | D:8      | Noticed Grum
  7829 | D:8      | Reached **** piety under Qazlal
  7847 | D:8      | Killed Grum
  7847 | D:8      | Reached skill level 10 in Shields
  7868 | D:8      | Noticed Erolcha
  8036 | D:8      | Killed Erolcha
  8213 | D:8      | Reached skill level 11 in Shields
  8242 | D:8      | Reached XP level 10. HP: 88/88 MP: 9/9
  8255 | D:8      | Found a bloodstained altar of Trog.
  8477 | D:8      | Found a stormy altar of Qazlal.
  8560 | D:8      | Found an opulent altar of Gozag.
  9648 | D:9      | Reached skill level 12 in Shields
 10167 | D:9      | Reached ***** piety under Qazlal
 10316 | D:10     | Entered Level 10 of the Dungeon
 10395 | D:10     | Found a staircase to the Orcish Mines.
 10535 | D:10     | Noticed a wizard
 10537 | D:10     | Found a roughly hewn altar of Beogh.
 10545 | D:10     | Killed a wizard
 10545 | D:10     | Reached skill level 1 in Stealth
 10573 | D:10     | Reached skill level 13 in Shields
 10870 | D:10     | Found a staircase to the Lair.
 10907 | D:10     | Reached skill level 5 in Polearms
 11060 | D:10     | Reached XP level 11. HP: 84/95 MP: 10/10
 11088 | D:10     | Found Ypimiuf's Serpentskin Sales.
 11116 | D:10     | Bought an uncursed ring of poison resistance for 280 gold pieces
 11116 | D:10     | Bought 3 poisoned tomahawks for 42 gold pieces
 11116 | D:10     | Bought 4 poisoned tomahawks for 56 gold pieces
 11322 | D:10     | Noticed a wizard
 11334 | D:10     | Killed a wizard
 11409 | D:10     | Noticed a hill giant
 11418 | D:10     | Killed a hill giant
 11418 | D:10     | Reached skill level 10 in Armour
 11449 | D:10     | Noticed a hill giant
 11997 | Lair:1   | Entered Level 1 of the Lair of Beasts
 12067 | Lair:1   | Reached skill level 14 in Shields
 12069 | Lair:1   | Noticed Urug
 12090 | Lair:1   | Killed Urug
 13291 | Lair:2   | Reached skill level 1 in Invocations
 13565 | Lair:2   | Got a pair of heavily runed boots
 13576 | Lair:2   | Identified the +1 pair of boots of Pirghooc {MR- Str+6} (You found it on level 2 of the Lair of Beasts)
 13875 | Lair:2   | Reached skill level 15 in Shields
 14253 | Lair:3   | Reached XP level 12. HP: 93/106 MP: 11/11
 14282 | Lair:3   | Reached skill level 1 in Evocations
 14983 | Lair:3   | Noticed a five-headed hydra
 14996 | Lair:3   | Killed a five-headed hydra
 14996 | Lair:3   | Reached skill level 10 in Fighting
 14996 | Lair:3   | Reached skill level 5 in Dodging
 14996 | Lair:3   | Reached skill level 16 in Shields
 15038 | Lair:3   | Found a hole to the Spider Nest.
 15149 | Lair:3   | Noticed a seven-headed hydra
 15161 | Lair:3   | Killed a seven-headed hydra
 15321 | Lair:3   | Noticed a seven-headed hydra
 15329 | Lair:3   | Killed a seven-headed hydra
 15768 | Lair:3   | Got a spiked cloak
 15774 | Lair:3   | Identified the -1 cloak of Molad {Int+4} (You found it on level 3 of the Lair of Beasts)
 15889 | Spider:1 | Entered Level 1 of the Spider Nest
 16008 | Spider:1 | Noticed Louise
 16034 | Spider:1 | Cast into level 2 of the Abyss (Louise)
 16116 | Abyss:2  | Noticed a starcursed mass
 16136 | Abyss:2  | Paralysed by accursed screaming for 2 turns
 16142 | Abyss:2  | HP: 4/107 [starcursed mass/accursed screaming (10)]
 16142 | Abyss:2  | Annihilated by a large abomination

Skill      XL: |  1  2  3  4  5  6  7  8  9 10 11 12 |
---------------+-------------------------------------+-----
Armour         | 4 5 7 8 9 11 12 | 12.1
Shields        | 4 5 6 7 8 11 13 15 16 | 16.9
Fighting       | 4 5 6 7 8 9 10 | 10.3
Dodging        | 1 2 3 4 5 |  5.0
Axes           | 3 4 5 6 |  6.4
Polearms       | 3 5 6 8 |  8.4
Stealth        | 1 |  1.3
Invocations    | 1 |  1.0
Evocations     | 1 |  1.0

Action                   |  1- 3 |  4- 6 |  7- 9 | 10-12 || total
-------------------------+-------+-------+-------+-------++-------
Melee: War axe           |    77 |   151 |   155 |       ||   383
       Headbutt          |    17 |    29 |    54 |   245 ||   345
       Spear             |       |       |   176 |  1045 ||  1221
Throw: Tomahawk          |       |       |       |     1 ||     1
Invok: Upheaval          |       |       |       |     1 ||     1
       Elemental Force   |       |       |       |     1 ||     1
Evoke: Wand              |       |       |       |     7 ||     7
       Phial of floods   |       |       |       |     1 ||     1
  Use: Scroll            |       |     3 |     5 |    16 ||    24
       Potion            |       |       |     1 |    13 ||    14
  Eat: Bread ration      |       |     2 |     1 |     1 ||     4
       Fruit             |       |     1 |     2 |     9 ||    12
       Beef jerky        |       |       |     3 |       ||     3
       Meat ration       |       |       |     1 |     3 ||     4
       Pizza             |       |       |       |     1 ||     1
Armor: Scale mail        |    42 |     6 |       |       ||    48
       Plate armour      |       |    91 |   146 |   312 ||   549
Dodge: Dodged            |    34 |    47 |    81 |   212 ||   374
       Deflected         |       |       |       |     7 ||     7
Block: Shield            |    62 |   133 |   284 |   969 ||  1448
